 Dungeon Sprint DCSS version 0.31.0-32-g396128a36d (webtiles) character file.

Game seed: 9608066509282482782

349 Heoruswealwe the Spear-Bearer (level 6, -5/62 HPs)
             Began as a Minotaur Fighter on Mar 9, 2024.
             Was an Initiate of Gozag.
             Slain by a two-headed ogre
             ... wielding a +0 giant club
              (18 damage)
             ... in the Dungeon (Sprint IX: "|||||||||||||||||||||||||||||").
             The game lasted 00:03:01 (216 turns).

Heoruswealwe the Spear-Bearer (Minotaur Fighter)     Turns: 216, Time: 00:03:03

Health: -5/62      AC: 18    Str: 23    XL:     6   Next: 33%
Magic:  5/5        EV:  7    Int:  5    God:    Gozag
Gold:   0          SH:  0    Dex:  9    Spells: 5/5 levels left

rFire   . . .        b - +2 halberd (venom)
rCold   . . .        (shield currently unavailable)
rNeg    . . .        c - +0 plate armour
rPois   .            (helmet restricted)
rElec   .            h - +0 cloak
rCorr   .            f - +0 pair of gloves
SInv    .            (no boots)
Will    .....        (no amulet) Stlth
                     k - +2 ring of protection
HPRegen 0.30/turn    (no ring)
MPRegen 0.09/turn

%: no teleportation
@: gold aura
A: horns 2, retaliatory headbutt
a: Renounce Religion, Potion Petition, Call Merchant, Bribe Branch


You were in the Dungeon.
You worshipped Gozag.
Gozag was noncommittal.
You visited 1 branch

Inventory:

Hand Weapons
 a - a +0 trident
 b - a +2 halberd of venom (weapon)
Armour
 c - a +0 plate armour (worn)
 d - a +0 buckler
 f - a +0 pair of gloves (worn)
 h - a +0 cloak (worn)
Jewellery
 k - a +2 ring of protection (left hand)
Wands
 m - a wand of light (10)
Scrolls
 j - 2 scrolls of blinking
Potions
 e - 5 potions of curing
 g - a potion of haste
 i - a potion of berserk rage
 l - 3 potions of heal wounds
 n - a potion of might


   Skills:
 + Level 8.9 Fighting
 * Level 11.6 Polearms
 + Level 8.9 Armour
 - Level 3.6 Shields


You had 5 spell levels left.
You didn't know any spells.
Your spell library was empty.

Dungeon Overview and Level Annotations

Branches:
Dungeon (1/1)

Altars:
Cheibriados
Dithmenos
Elyvilon
Fedhas
Gozag
Hepliaklqana
Kikubaaqudgha
Makhleb
Nemelex Xobeh
Okawaru
Qazlal
Ru
Sif Muna
Trog
Uskayaw
Vehumet
Wu Jian
Xom
Yredelemnul
Zin
The Shining One
Jiyva
Lugonu


Innate Abilities, Weirdness & Mutations

You have a pair of horns on your head.
You reflexively headbutt those who attack you in melee.


Message History

You hit the shadow. You headbutt the shadow.
The shadow is lightly damaged.
The shadow hits you.
You completely miss the shadow.
The shadow is lightly damaged.
The yak snorts and paws the ground.
The shadow hits you.
You closely miss the shadow. You headbutt the shadow!
The shadow is severely damaged.
The shadow slips into darkness.
The shadow flickers and vanishes!
Deactivating autopickup; reactivate with Ctrl-A.
You barely miss something.
The kobold brigand throws a curare-tipped dart.
The shadow strikes at you from the darkness!
Reactivating autopickup.
You puncture the shadow!
You destroy the shadow!
Your Fighting skill increases to level 8!
Your Polearms skill increases to level 11!
Your Armour skill increases to level 8!
You have reached level 6!
You closely miss the kobold brigand.
The kobold brigand hits you but does no damage.
You puncture the kobold brigand!
The kobold brigand is poisoned.
The kobold brigand is moderately wounded.
The kobold brigand closely misses you.
You completely miss the kobold brigand.
Your headbutt misses the kobold brigand.
The kobold brigand is moderately wounded.
You puncture the two-headed ogre!
The two-headed ogre is moderately wounded.
You impale the two-headed ogre!!
The two-headed ogre looks as sick as possible!
The two-headed ogre is severely wounded.
The two-headed ogre hits you with a +0 giant club!!
* * * LOW HITPOINT WARNING * * *
The two-headed ogre hits you with a +0 giant club!!
You die...
Your body crumbles into a pile of gold.

▓.▓
▓.▓
▓Y▓
▓o▓
▓y▓
▓K▓
▓O▓
▓@▓
▓.▓
▓.▓
▓.▓
▓=▓
▓[▓
▓)▓
▓?▓
▓!▓


You could see a two-headed ogre (extremely poisoned), a yak, a vampire mosquito,
a kobold brigand (very poisoned) and an orc wizard.

Vanquished Creatures
  A shadow (D)
  3 scorpions (D)
  2 adders (D)
  A ball python (D)
  2 goblins (D)
  A hobgoblin (D)
  A quokka (D)
11 creatures vanquished.

Notes
Turn   | Place    | Note
-------+----------+-------------------------------------------
     0 | D        | Heoruswealwe the Minotaur Fighter began the quest for the
                  | Orb.
     0 | D        | Reached XP level 1. HP: 19/19 MP: 0/0
     5 | D        | Reached skill level 3 in Polearms
    25 | D        | Reached skill level 4 in Polearms
    75 | D        | Noticed a scorpion
    75 | D        | Noticed a scorpion
    75 | D        | Noticed a scorpion
    78 | D        | Killed a scorpion
    79 | D        | Reached skill level 5 in Fighting
    79 | D        | Reached skill level 6 in Polearms
    79 | D        | Reached skill level 5 in Armour
    79 | D        | Reached XP level 2. HP: 30/30 MP: 1/1
    79 | D        | Reached XP level 3. HP: 37/37 MP: 2/2
    81 | D        | Reached skill level 7 in Polearms
    81 | D        | Reached XP level 4. HP: 44/44 MP: 3/3
    85 | D        | Killed a scorpion
    86 | D        | Reached skill level 8 in Polearms
    93 | D        | Killed a scorpion
    94 | D        | Reached skill level 9 in Polearms
    94 | D        | Reached XP level 5. HP: 41/53 MP: 4/4
    96 | D        | Reached skill level 10 in Polearms
   102 | D        | Found a snail-covered altar of Cheibriados.
   102 | D        | Found a shadowy altar of Dithmenos.
   102 | D        | Found a white marble altar of Elyvilon.
   102 | D        | Found a blossoming altar of Fedhas.
   102 | D        | Found an opulent altar of Gozag.
   103 | D        | Found a hazy altar of Hepliaklqana.
   104 | D        | Found a viscous altar of Jiyva.
   105 | D        | Found an ancient bone altar of Kikubaaqudgha.
   106 | D        | Found a corrupted altar of Lugonu.
   107 | D        | Found a burning altar of Makhleb.
   108 | D        | Found a sparkling altar of Nemelex Xobeh.
   109 | D        | Found an iron altar of Okawaru.
   110 | D        | Became a worshipper of Gozag Ym Sagoz the Greedy
   111 | D        | Found a stormy altar of Qazlal.
   112 | D        | Found a sacrificial altar of Ru.
   113 | D        | Found a shimmering blue altar of Sif Muna.
   114 | D        | Found a bloodstained altar of Trog.
   115 | D        | Found a hide-covered altar of Uskayaw.
   116 | D        | Found a radiant altar of Vehumet.
   117 | D        | Found an ornate altar of the Wu Jian Council.
   118 | D        | Found a shimmering altar of Xom.
   119 | D        | Found a basalt altar of Yredelemnul.
   120 | D        | Found a glowing silver altar of Zin.
   121 | D        | Found a glowing golden altar of the Shining One.
   205 | D        | Noticed a yak
   205 | D        | Noticed a vampire mosquito
   205 | D        | Noticed a two-headed ogre
   205 | D        | Noticed a shadow
   211 | D        | Killed a shadow
   212 | D        | Reached skill level 11 in Polearms
   212 | D        | Reached XP level 6. HP: 32/62 MP: 5/5
   216 | D        | Slain by a two-headed ogre

Illustrated notes

Levels and vault maps discovered:
D:        linesprint [early_d, line_temple, items_1, d_10, items_2, lair_1,
          lair_end, items_3, orc_1, orc_end, items_4, d_15, swamp_1, shoals_1,
          snake_1, spider_1, d_20, vaults_1, items_5, swamp_end, shoals_end,
          snake_end, spider_end, vaults_end, d_27, items_6, zot_1, zot_end,
          crypt_end, forest_end, elf_end, slime_end, tomb_end, abyss_end,
          pan_hell_end]

Skill      XL: |  1  2  3  4  5 |
---------------+----------------+-----
Polearms       | 6 7 9 11 | 11.6
Fighting       | 5 6 7 8 |  8.9
Armour         | 5 6 7 8 |  8.9
Shields        | |  3.6

Action                     |  1- 3 |  4- 6 || total
---------------------------+-------+-------++-------
  Melee: Trident           |    25 |    15 ||    40
         Headbutt          |     4 |     4 ||     8
         Halberd           |       |    11 ||    11
 Armour: Scale mail        |    14 |     8 ||    22
         Plate armour      |       |     7 ||     7
  Dodge: Dodged            |     7 |     6 ||    13
  Block: Buckler           |     5 |     1 ||     6
